TOP OF THE 1ST |
Hendersonville Hitmen batting - Pitching for Houston Marshals : RHP José Gonzáles
|
Pitching: RHP José Gonzáles
|
|
Batting: RHB Jesús Cruz
|
0-0: Ball 1-0: Foul Ball, location: 2F 1-1: Ball 2-1: DOUBLE (Line Drive, 9LS)
|
Batting: RHB António Zúñiga
|
0-0: Called Strike 0-1: Ball 1-1: Ground out 6-3 (Groundball, 56D)
|
Batting: RHB Eduardo García
|
0-0: Ball 1-0: Called Strike 1-1: Foul Ball, location: 2F 1-2: Foul Ball, location: 2F 1-2: Strikes out looking
|
Batting: SHB David Johnstone
|
0-0: Ball 1-0: Foul Ball, location: 2F 1-1: Ground out U3 (Groundball, 3)
|
Top of the 1st over - 0 run(s), 1 hit(s), 0 error(s), 1 left on base; Hendersonville 0 - Houston 0 |
BOTTOM OF THE 1ST |
Houston Marshals batting - Pitching for Hendersonville Hitmen : RHP Júlio Torres
|
Pitching: RHP Júlio Torres
|
|
Batting: SHB Ramón Lugo
|
0-0: SOLO HOME RUN (Flyball, 8RXD), Distance : 428 ft
|
Batting: LHB Lewis Barr
|
0-0: Ball 1-0: Called Strike 1-1: Ball 2-1: Foul Ball, location: 2F 2-2: Ball 3-2: Fly out, F7 (Line Drive, 7)
|
Batting: LHB Matt Smith
|
0-0: Called Strike 0-1: DOUBLE (Flyball, 7D)
|
Batting: SHB Juan Gómez
|
0-0: Ball 1-0: Fly out, F7 (Flyball, 78D)
|
Batting: LHB José Rodríguez
|
0-0: Fly out, F6 (Popup, 6MD)
|
Bottom of the 1st over - 1 run(s), 2 hit(s), 0 error(s), 1 left on base; Hendersonville 0 - Houston 1 |
TOP OF THE 2ND |
Hendersonville Hitmen batting - Pitching for Houston Marshals : RHP José Gonzáles
|
Batting: SHB Rick Turner
|
0-0: Ball 1-0: Called Strike 1-1: Foul Ball, location: 2F 1-2: Foul Ball, location: 2F 1-2: Foul Ball, location: 2F 1-2: Ball 2-2: Strikes out swinging
|
Batting: LHB Jerry Johnston
|
0-0: Foul Ball, location: 2F 0-1: Swinging Strike 0-2: Fly out, F8 (Flyball, 8LM)
|
Batting: LHB Tommy Payne
|
0-0: Foul Ball, location: 2F 0-1: Ball 1-1: Ball 2-1: Fly out, F7 (Flyball, 7S)
|
Top of the 2nd over - 0 run(s), 0 hit(s), 0 error(s), 0 left on base; Hendersonville 0 - Houston 1 |
BOTTOM OF THE 2ND |
Houston Marshals batting - Pitching for Hendersonville Hitmen : RHP Júlio Torres
|
Batting: RHB David Murray
|
0-0: Foul Ball, location: 2F 0-1: Ball 1-1: Fly out, F9 (Line Drive, 9)
|
Batting: SHB Álex Rosado
|
0-0: Ball 1-0: SINGLE (Line Drive, 8RS)
|
Batting: RHB Gregg Nelson
|
0-0: Ball 1-0: Ball 2-0: Swinging Strike 2-1: Called Strike 2-2: Strikes out swinging
|
Batting: LHB Kent MacDulothe
|
0-0: Ball 1-0: Fly out, F8 (Flyball, 8LD)
|
Bottom of the 2nd over - 0 run(s), 1 hit(s), 0 error(s), 1 left on base; Hendersonville 0 - Houston 1 |
TOP OF THE 3RD |
Hendersonville Hitmen batting - Pitching for Houston Marshals : RHP José Gonzáles
|
Batting: RHB Sugita Ito
|
0-0: Called Strike 0-1: Ball 1-1: Called Strike 1-2: Strikes out swinging
|
Batting: RHB Robert Bly
|
0-0: Called Strike 0-1: Ground out 5-3 (Groundball, 56)
|
Batting: RHB Jesús Cruz
|
0-0: Ball 1-0: Ground out 5-3 (Groundball, 5S)
|
Top of the 3rd over - 0 run(s), 0 hit(s), 0 error(s), 0 left on base; Hendersonville 0 - Houston 1 |
BOTTOM OF THE 3RD |
Houston Marshals batting - Pitching for Hendersonville Hitmen : RHP Júlio Torres
|
Batting: SHB Ramón Lugo
|
0-0: Ball 1-0: Ball 2-0: Ball 3-0: Base on Balls
|
Batting: LHB Lewis Barr
|
0-0: DOUBLE (Line Drive, 9LM) Ramón Lugo to third
|
Batting: LHB Matt Smith
|
0-0: Called Strike 0-1: Foul Ball, location: 2F 0-2: Foul Ball, location: 2F 0-2: Strikes out swinging
|
Batting: SHB Juan Gómez
|
0-0: Ball 1-0: Fly out, F7 (Flyball, 78S)
|
Batting: LHB José Rodríguez
|
0-0: Called Strike 0-1: Ball 1-1: Ball 2-1: 3-RUN HOME RUN (Flyball, 89XD), Distance : 396 ft
|
Batting: RHB David Murray
|
0-0: Ball 1-0: Fly out, F8 (Flyball, 8LM)
|
Bottom of the 3rd over - 3 run(s), 2 hit(s), 0 error(s), 0 left on base; Hendersonville 0 - Houston 4 |
TOP OF THE 4TH |
Hendersonville Hitmen batting - Pitching for Houston Marshals : RHP José Gonzáles
|
Batting: RHB António Zúñiga
|
0-0: Called Strike 0-1: Ball 1-1: Foul Ball, location: 2F 1-2: Ball 2-2: Fly out, F9 (Flyball, 9LM)
|
Batting: RHB Eduardo García
|
0-0: Ball 1-0: Called Strike 1-1: Swinging Strike 1-2: Ball 2-2: Ball 3-2: Foul Ball, location: 2F 3-2: SINGLE (Groundball, 34D)
|
Batting: SHB David Johnstone
|
0-0: Ball Eduardo García steals 2nd base 1-0: Swinging Strike 1-1: Ball 2-1: Called Strike 2-2: Ball 3-2: Foul Ball, location: 2F 3-2: Ground out 6-3 (Groundball, 6) Eduardo García to third
|
Batting: SHB Rick Turner
|
0-0: Ball 1-0: Ball 2-0: Ball 3-0: Base on Balls
|
Batting: LHB Jerry Johnston
|
0-0: Fly out, F7 (Flyball, 7LM)
|
Top of the 4th over - 0 run(s), 1 hit(s), 0 error(s), 2 left on base; Hendersonville 0 - Houston 4 |
BOTTOM OF THE 4TH |
Houston Marshals batting - Pitching for Hendersonville Hitmen : RHP Júlio Torres
|
Batting: SHB Álex Rosado
|
0-0: SINGLE (Groundball, 34D)
|
Batting: RHB Gregg Nelson
|
0-0: Ball 1-0: Foul Ball, location: 2F 1-1: Ground out 5-3 (Groundball, 56S) Álex Rosado to second
|
Batting: LHB Kent MacDulothe
|
0-0: Ball 1-0: Foul Ball, location: 2F 1-1: Ball 2-1: Ball 3-1: Foul Ball, location: 2F 3-2: Fly out, F7 (Flyball, 78M)
|
Batting: SHB Ramón Lugo
|
0-0: Ball 1-0: Ball 2-0: Ground out U3 (Groundball, 34)
|
Bottom of the 4th over - 0 run(s), 1 hit(s), 0 error(s), 1 left on base; Hendersonville 0 - Houston 4 |
TOP OF THE 5TH |
Hendersonville Hitmen batting - Pitching for Houston Marshals : RHP José Gonzáles
|
Batting: LHB Tommy Payne
|
0-0: Foul Ball, location: 2F 0-1: Fly out, F9 (Flyball, 9S)
|
Batting: RHB Sugita Ito
|
0-0: Fly out, F7 (Flyball, 7LMF)
|
Batting: RHB Robert Bly
|
0-0: Called Strike 0-1: Ball 1-1: Ball 2-1: Reached on error, E5 (Groundball, 5)
|
Batting: RHB Jesús Cruz
|
0-0: Ball 1-0: Foul Ball, location: 2F 1-1: Ball 2-1: Ball 3-1: Foul Ball, location: 2F 3-2: Ground out 6-3 (Groundball, 6)
|
Top of the 5th over - 0 run(s), 0 hit(s), 1 error(s), 1 left on base; Hendersonville 0 - Houston 4 |
BOTTOM OF THE 5TH |
Houston Marshals batting - Pitching for Hendersonville Hitmen : RHP Júlio Torres
|
Batting: LHB Lewis Barr
|
0-0: SINGLE (Groundball, 6MD)
|
Batting: LHB Matt Smith
|
0-0: Ball 1-0: Foul Ball, location: 2F 1-1: Foul Ball, location: 2F 1-2: Strikes out swinging
|
Batting: SHB Juan Gómez
|
0-0: Called Strike 0-1: Ball 1-1: Foul Ball, location: 2F 1-2: Ball Wild Pitch! Lewis Barr to second 2-2: Strikes out swinging
|
Batting: LHB José Rodríguez
|
0-0: Foul Ball, location: 2F 0-1: Ball 1-1: 2-RUN HOME RUN (Flyball, 8RXD), Distance : 431 ft
|
Pitching: RHP Eric Love
|
|
Batting: RHB David Murray
|
0-0: Ball 1-0: Ball 2-0: Fly out, F9 (Flyball, 9LMF)
|
Bottom of the 5th over - 2 run(s), 2 hit(s), 0 error(s), 0 left on base; Hendersonville 0 - Houston 6 |
TOP OF THE 6TH |
Hendersonville Hitmen batting - Pitching for Houston Marshals : RHP José Gonzáles
|
Batting: RHB António Zúñiga
|
0-0: Ground out 6-3 (Groundball, 56)
|
Batting: RHB Eduardo García
|
0-0: Ball 1-0: SOLO HOME RUN (Flyball, 7LD), Distance : 380 ft
|
Batting: SHB David Johnstone
|
0-0: Ball 1-0: Swinging Strike 1-1: Fly out, F7 (Flyball, 7D)
|
Batting: SHB Rick Turner
|
0-0: Ball 1-0: SINGLE (Flyball, 78S)
|
Batting: LHB Jerry Johnston
|
0-0: Foul Ball, location: 2F 0-1: Ball 1-1: Swinging Strike 1-2: Foul Ball, location: 2F 1-2: Fly out, F8 (Flyball, 89D)
|
Top of the 6th over - 1 run(s), 2 hit(s), 0 error(s), 1 left on base; Hendersonville 1 - Houston 6 |
BOTTOM OF THE 6TH |
Houston Marshals batting - Pitching for Hendersonville Hitmen : RHP Eric Love
|
Batting: SHB Álex Rosado
|
0-0: Ground out 4-3 (Groundball, 34)
|
Batting: RHB Gregg Nelson
|
0-0: Fly out, F9 (Flyball, 9)
|
Batting: LHB Kent MacDulothe
|
0-0: Swinging Strike 0-1: Ball 1-1: Ground out 5-3 (Groundball, 56)
|
Bottom of the 6th over - 0 run(s), 0 hit(s), 0 error(s), 0 left on base; Hendersonville 1 - Houston 6 |
TOP OF THE 7TH |
Hendersonville Hitmen batting - Pitching for Houston Marshals : RHP José Gonzáles
|
Pitching: RHP Vinícius Itaquy
|
|
Batting: LHB Tommy Payne
|
0-0: Ball 1-0: Ball 2-0: Called Strike 2-1: Swinging Strike 2-2: Strikes out swinging
|
Batting: RHB Sugita Ito
|
0-0: Called Strike 0-1: Swinging Strike 0-2: Foul Ball, location: 2F 0-2: Ground out 6-3 (Groundball, 6)
|
Batting: RHB Robert Bly
|
0-0: Ball 1-0: Ball 2-0: Foul Ball, location: 2F 2-1: Ball 3-1: Ground out 6-3 (Groundball, 6)
|
Top of the 7th over - 0 run(s), 0 hit(s), 0 error(s), 0 left on base; Hendersonville 1 - Houston 6 |
BOTTOM OF THE 7TH |
Houston Marshals batting - Pitching for Hendersonville Hitmen : RHP Eric Love
|
Batting: SHB Ramón Lugo
|
0-0: Ball 1-0: Foul Ball, location: 2F 1-1: Foul Ball, location: 2F 1-2: Foul Ball, location: 2F 1-2: Foul Ball, location: 2F 1-2: Ball 2-2: Ball 3-2: Foul Ball, location: 2F 3-2: Ground out 4-3 (Groundball, 4)
|
Batting: LHB Lewis Barr
|
0-0: Foul Ball, location: 2F 0-1: Foul Ball, location: 2F 0-2: Fly out, F7 (Flyball, 78M)
|
Batting: LHB Matt Smith
|
0-0: Ball 1-0: Ball 2-0: SOLO HOME RUN (Line Drive, 9LD), Distance : 340 ft
|
Batting: SHB Juan Gómez
|
0-0: Called Strike 0-1: Ball 1-1: Called Strike 1-2: DOUBLE (Line Drive, 5D)
|
Batting: LHB José Rodríguez
|
0-0: Ball 1-0: Ball 2-0: Ball 3-0: Base on Balls
|
Batting: RHB David Murray
|
0-0: DOUBLE (Line Drive, 7LS) Juan Gómez scores José Rodríguez to third
|
Pinch Runner at 2nd Gilberto López:
|
|
Batting: SHB Álex Rosado
|
0-0: Ball 1-0: Ball 2-0: Foul Ball, location: 2F 2-1: Ball 3-1: Base on Balls
|
Batting: RHB Gregg Nelson
|
0-0: Fielders Choice at 2nd, U4 (Groundball, 4M)
|
Bottom of the 7th over - 2 run(s), 3 hit(s), 0 error(s), 3 left on base; Hendersonville 1 - Houston 8 |
TOP OF THE 8TH |
Hendersonville Hitmen batting - Pitching for Houston Marshals : RHP Vinícius Itaquy
|
Now in RF: Gilberto López
|
|
Batting: RHB Jesús Cruz
|
0-0: Ball 1-0: Ball 2-0: Ball 3-0: Base on Balls
|
Batting: RHB António Zúñiga
|
0-0: Fly out, F8 (Line Drive, 8LXD)
|
Batting: RHB Eduardo García
|
0-0: Fielders Choice at 2nd, 6-4 (Groundball, 6)
|
Batting: SHB David Johnstone
|
0-0: Called Strike 0-1: Swinging Strike 0-2: Foul Ball, location: 2F 0-2: Strikes out swinging
|
Top of the 8th over - 0 run(s), 0 hit(s), 0 error(s), 1 left on base; Hendersonville 1 - Houston 8 |
BOTTOM OF THE 8TH |
Houston Marshals batting - Pitching for Hendersonville Hitmen : RHP Eric Love
|
Batting: LHB Kent MacDulothe
|
0-0: Called Strike 0-1: SOLO HOME RUN (Flyball, 9D), Distance : 373 ft
|
Pitching: RHP Jorge Pérez
|
|
Batting: SHB Ramón Lugo
|
0-0: Ball 1-0: Called Strike 1-1: SINGLE (Line Drive, 8RM)
|
Batting: LHB Lewis Barr
|
0-0: Called Strike 0-1: SINGLE (Groundball, 6MD) Ramón Lugo to second Runner from 2nd tries for 3rd, SAFE, throw made to third
|
Batting: LHB Matt Smith
|
0-0: Ball 1-0: Grounds into double play, 6-4-3 (Groundball, 6M) Ramón Lugo scores
|
Batting: SHB Juan Gómez
|
0-0: Ball 1-0: Ball 2-0: Ball 3-0: Called Strike 3-1: Called Strike 3-2: Foul Ball, location: 2F 3-2: Strikes out swinging
|
Bottom of the 8th over - 2 run(s), 3 hit(s), 0 error(s), 0 left on base; Hendersonville 1 - Houston 10 |
TOP OF THE 9TH |
Hendersonville Hitmen batting - Pitching for Houston Marshals : RHP Vinícius Itaquy
|
Now at 2B: Alberto Velásquez
|
|
Now in CF: Sadao Kimura
|
|
Batting: SHB Rick Turner
|
0-0: Called Strike 0-1: Swinging Strike 0-2: Strikes out looking
|
Batting: LHB Jerry Johnston
|
0-0: Ball 1-0: Called Strike 1-1: Ball 2-1: Foul Ball, location: 2F 2-2: Foul Ball, location: 2F 2-2: Ground out 4-3 (Groundball, 4M)
|
Batting: LHB Tommy Payne
|
0-0: Called Strike 0-1: Called Strike 0-2: Ground out 4-3 (Groundball, 4)
|
Top of the 9th over - 0 run(s), 0 hit(s), 0 error(s), 0 left on base; Hendersonville 1 - Houston 10 |
|